 Dungeon Crawl Stone Soup version 0.27.1-1-g398f81649c (webtiles) character file.

Game seed: 16703967450887769789

6 MajorAdolf the Chopper (level 1, -1/19 HPs)
             Began as a Naga Wanderer on Sept 8, 2021.
             Frozen to death by an endoplasm (2 damage)
             ... on level 1 of the Dungeon.
             The game lasted 00:00:29 (93 turns).

MajorAdolf the Chopper (Naga Wanderer)                Turns: 93, Time: 00:00:30

Health: -1/19      AC:  1    Str: 14    XL:     1   Next: 90%
Magic:  2/2        EV:  9    Int: 11    God:
Gold:   18         SH:  0    Dex: 11    Spells: 1/2 levels left

rFire    . . .     SeeInvis +   a - +2 hand axe
rCold    . . .     Faith    .   (no shield)
rNeg     . . .     Spirit   .   c - +0 robe
rPois    +         Reflect  .   (no helmet)
rElec    .         Harm     .   (no cloak)
rCorr    .         Rampage  .   (no gloves)
Will     .....                  (no barding)
Stlth    +.........             (no amulet)
HPRegen  0.06/turn              (no ring)
MPRegen  0.08/turn              (no ring)

@: short of breath, very slow
A: AC +0, large, see invisible, deformed body, poison resistance, slowness 2,
spit poison 1, naga tail 1
a: Spit Poison


You were on level 1 of the Dungeon.
You visited 1 branch of the dungeon, and saw 1 of its levels.

You collected 18 gold pieces.

Inventory:

Hand Weapons
 a - a +2 hand axe (weapon)
Armour
 c - a +0 robe (worn)
Potions
 b - a potion of curing


   Skills:
 + Level 2.2 Fighting
 + Level 2.3 Axes
 - Level 1.0 Armour
 - Level 1.0 Shields
 - Level 1.0 Spellcasting
 - Level 2.0 Ice Magic
 - Level 1.0 Evocations


You had one spell level left.
You knew the following spells:

 Your Spells              Type           Power      Damage    Failure   Level
a - Summon Small Mammal   Summ           0%         N/A       32%         1

Your spell library contained the following spells:

 Spells                   Type           Power      Damage    Failure   Level
 Summon Guardian Golem    Hex/Summ       0%         N/A       67%         3


Dungeon Overview and Level Annotations

Branches:
Dungeon (1/15)

Altars:

Shops:
D:1 (


Innate Abilities, Weirdness & Mutations

Your serpentine skin is tough. (AC +0)
You have supernaturally acute eyesight. (SInv)
Armour fits poorly on your strangely shaped body.
Your system is resistant to poisons. (rPois)
You cover ground very slowly.
You can spit poison.
You have a snake-like lower body.


Message History

A rat comes into view.
The hobgoblin closely misses you.
You completely miss the hobgoblin. You closely miss the goblin.
The hobgoblin hits you but does no damage.
The goblin hits you with a +0 dagger. The hobgoblin hits you.
You hit the hobgoblin.
The hobgoblin is heavily wounded.
You closely miss the goblin. The goblin closely misses you.
The hobgoblin hits you. The goblin hits you with a +0 dagger.
Unknown command.
The goblin hits you but does no damage.
There is an open door here.
Press: ? - help, Shift-Dir - straight line, f - goblin
Aim: a goblin, wielding a +0 dagger The splash of poison misses the goblin.
The splash of poison hits the hobgoblin.
The hobgoblin is poisoned.
The hobgoblin is heavily wounded.
The goblin hits you with a +0 dagger.
You slash the goblin!
You kill the goblin!
You kill the hobgoblin!
You hit the endoplasm but do no damage. The endoplasm freezes you.
You are frozen.
* * * LOW HITPOINT WARNING * * *
Unknown command.
You hit the endoplasm.
The endoplasm is almost dead.
You have got your breath back.
The endoplasm hits you.
* * * LOW HITPOINT WARNING * * *
Unknown command.
Press: ? - help, Shift-Dir - straight line, f - endoplasm
Aim: an endoplasm (almost dead)
The splash of poison hits the endoplasm.
The endoplasm completely resists.
The endoplasm is almost dead.
The endoplasm freezes you.
You are frozen.
You die...

.#.......#..
.#.#.#(#.#.#
#.#...#.#.####
#.#...#†#....######.
##..#.......[.....
.#.#.####.#######
#.#...# #...########
#.##..# ###.##.....#
..># #.@Jr....#
#.### ####.....# ..
#.....# ### #....$#
......# ......##
.......+ ........#
##########


You could see an endoplasm and a rat.

Vanquished Creatures
  An endoplasm (D:1)
  A hobgoblin (D:1)
  A quokka (D:1)
  A ball python (D:1)
  A goblin (D:1)
  A kobold (D:1)
6 creatures vanquished.

Notes
Turn   | Place    | Note
-------+----------+-------------------------------------------
     0 | D:1      | MajorAdolf the Naga Wanderer began the quest for the Orb.
     0 | D:1      | MajorAdolf set off with the following items: a +2 hand axe,
                  | a potion of curing, a +0 robe; and the following spell
                  | memorised: Summon Small Mammal; and the following spells
                  | available to memorise: Summon Guardian Golem
     0 | D:1      | Reached XP level 1. HP: 19/19 MP: 2/2
    15 | D:1      | Found Xobazaf's Antique Weapon Boutique.
    93 | D:1      | Frozen to death by an endoplasm

Illustrated notes

Levels and vault maps discovered:
D:1:      scummos_arrival_simple_fountains, layout_basic,
          chequers_ecumenical_altar_grove, serial_shops,
          nicolae_shop_behind_doors

Action                   || total
-------------------------++-------
Melee: Hand axe          ||    12
 Abil: Spit Poison       ||     3
Armor: Robe              ||     3
Dodge: Dodged            ||     7
